TOP OF THE 1ST |
Pulaski Yankees batting - Pitching for Great Falls Voyagers : RHP Alje Velders
|
Pitching: RHP Alje Velders
|
|
Batting: LHB Chris Viehman
|
0-0: Hit by Pitch
|
Batting: LHB Justin Short
|
0-0: Ball Chris Viehman is caught stealing 2nd base 2-6 1-0: Called Strike 1-1: Ball 2-1: SINGLE (Groundball, 34D, EV 105.0 MPH)
|
Batting: RHB Michael Patterson
|
0-0: Called Strike 0-1: Ball 1-1: Ball 2-1: Called Strike 2-2: Foul Ball, location: 2F 2-2: Ball 3-2: DOUBLE (Flyball, 8RXD, EV 96.9 MPH) Justin Short to third
|
Batting: RHB Yasuoka Tsuda
|
0-0: Ground out 6-3 (Groundball, 6, EV 101.2 MPH) Justin Short scores
|
Batting: SHB Dylan Best
|
0-0: Ball 1-0: Fly out, F8 (Line Drive, 8LM, EV 85.0 MPH)
|
Top of the 1st over - 1 run, 2 hits, 0 errors, 1 left on base; Pulaski 1 - Great Falls 0 |
BOTTOM OF THE 1ST |
Great Falls Voyagers batting - Pitching for Pulaski Yankees : LHP Jessie Neal
|
Pitching: LHP Jessie Neal
|
|
Batting: RHB Andy Cotton
|
0-0: Called Strike 0-1: Foul Ball, location: 2F 0-2: Ball 1-2: Strikes out swinging
|
Batting: RHB Enrique Gomez
|
0-0: Fly out, F9 (Flyball, 9LSF, EV 83.8 MPH)
|
Batting: SHB Rob Haney
|
0-0: SINGLE (Line Drive, 89S, EV 112.5 MPH)
|
Batting: RHB Billy Grubbs
|
0-0: Called Strike 0-1: Ball Rob Haney steals 2nd base 1-1: Ball 2-1: Ball 3-1: Base on Balls
|
Batting: RHB Mitch Cuadros
|
0-0: Ball 1-0: Foul Ball, location: 2F 1-1: Ball 2-1: SINGLE (Groundball, 6MD, EV 111.2 MPH) Rob Haney to third Billy Grubbs to second Throwing error, E8 Rob Haney scores Billy Grubbs to third Mitch Cuadros to second
|
Batting: RHB Francisco Marin
|
0-0: Ball 1-0: Ball 2-0: SINGLE (Line Drive, 56, EV 95.0 MPH) Billy Grubbs scores Mitch Cuadros to third Throwing error, E7 Mitch Cuadros scores Francisco Marin to second
|
Batting: RHB David Laureano
|
0-0: Ball 1-0: SINGLE (Line Drive, 8LS, EV 90.0 MPH) Francisco Marin to third Throwing error, E8 Francisco Marin scores David Laureano to second
|
Batting: LHB Jose Pereyra
|
0-0: Ball 1-0: Swinging Strike 1-1: Called Strike 1-2: Foul Ball, location: 2F 1-2: Foul Ball, location: 2F 1-2: Foul Ball, location: 2F 1-2: Strikes out swinging
|
Bottom of the 1st over - 4 runs, 4 hits, 3 errors, 1 left on base; Pulaski 1 - Great Falls 4 |
TOP OF THE 2ND |
Pulaski Yankees batting - Pitching for Great Falls Voyagers : RHP Alje Velders
|
Batting: RHB Victor Garcia
|
0-0: Ball 1-0: Foul Ball, location: 2F 1-1: DOUBLE (Line Drive, 7LD, EV 101.9 MPH)
|
Batting: RHB Mustafa bin Gamali
|
0-0: Ball 1-0: SINGLE (Line Drive, 4M, EV 96.2 MPH) Victor Garcia to third
|
Batting: RHB Arturo Gomez
|
0-0: Grounds into double play, 4-6-3 (Groundball, 4, EV 105.0 MPH) Victor Garcia scores
|
Batting: RHB Edwin Sierra
|
0-0: Called Strike 0-1: Swinging Strike 0-2: Strikes out swinging
|
Top of the 2nd over - 1 run, 2 hits, 0 errors, 0 left on base; Pulaski 2 - Great Falls 4 |
BOTTOM OF THE 2ND |
Great Falls Voyagers batting - Pitching for Pulaski Yankees : LHP Jessie Neal
|
Batting: RHB David Cortez
|
0-0: Called Strike 0-1: Ground out 6-3 (Groundball, 6, EV 86.2 MPH)
|
Batting: RHB Andy Cotton
|
0-0: Ball 1-0: Ball 2-0: Called Strike 2-1: Foul Ball, location: 2F 2-2: Ball 3-2: SINGLE (Line Drive, 89M, EV 99.4 MPH)
|
Batting: RHB Enrique Gomez
|
0-0: Called Strike Andy Cotton steals 2nd base (no throw) 0-1: Ground out 4-3 (Groundball, 4, EV 90.6 MPH) Andy Cotton to third
|
Batting: SHB Rob Haney
|
0-0: Foul Ball, location: 2F 0-1: Ball 1-1: Ball 2-1: DOUBLE (Line Drive, 9LS, EV 91.9 MPH) Andy Cotton scores
|
Batting: RHB Billy Grubbs
|
0-0: Ball 1-0: SINGLE (Line Drive, 4D, EV 101.9 MPH) Rob Haney to third Runner from 3rd tries for Home, throw by RF and OUT! 9-2
|
Bottom of the 2nd over - 1 run, 3 hits, 0 errors, 1 left on base; Pulaski 2 - Great Falls 5 |
TOP OF THE 3RD |
Pulaski Yankees batting - Pitching for Great Falls Voyagers : RHP Alje Velders
|
Batting: LHB Chris Viehman
|
0-0: Ball 1-0: Ball 2-0: Ball 3-0: Base on Balls
|
Batting: LHB Justin Short
|
0-0: Ball 1-0: Called Strike 1-1: Foul Ball, location: 2F 1-2: Strikes out swinging
|
Batting: RHB Michael Patterson
|
0-0: Ball 1-0: Called Strike 1-1: Ball 2-1: Foul Ball, location: 2F 2-2: Ball 3-2: Fly out, F8 (Flyball, 8RXD, EV 95.0 MPH)
|
Batting: RHB Yasuoka Tsuda
|
0-0: Ball 1-0: Foul Ball, location: 2F 1-1: Foul Ball, location: 2F 1-2: Foul Ball, location: 2F 1-2: Strikes out swinging
|
Top of the 3rd over - 0 runs, 0 hits, 0 errors, 1 left on base; Pulaski 2 - Great Falls 5 |
BOTTOM OF THE 3RD |
Great Falls Voyagers batting - Pitching for Pulaski Yankees : LHP Jessie Neal
|
Batting: RHB Mitch Cuadros
|
0-0: Called Strike 0-1: Ball 1-1: Ball 2-1: Ball 3-1: Called Strike 3-2: Ground out 5-3 (Groundball, 56S, EV 66.9 MPH)
|
Batting: RHB Francisco Marin
|
0-0: Ball 1-0: Ball 2-0: Ball 3-0: Base on Balls
|
Batting: RHB David Laureano
|
0-0: Ball 1-0: DOUBLE (Line Drive, 5D, EV 106.2 MPH) Francisco Marin to third
|
Pitching: RHP Eric Patrick
|
|
Batting: LHB Jose Pereyra
|
0-0: Called Strike 0-1: Ground out 5-3 (Groundball, 5, EV 106.9 MPH)
|
Batting: RHB David Cortez
|
0-0: Called Strike 0-1: Ball 1-1: Called Strike 1-2: Strikes out swinging
|
Bottom of the 3rd over - 0 runs, 1 hit, 0 errors, 2 left on base; Pulaski 2 - Great Falls 5 |
TOP OF THE 4TH |
Pulaski Yankees batting - Pitching for Great Falls Voyagers : RHP Alje Velders
|
Batting: SHB Dylan Best
|
0-0: Swinging Strike 0-1: Swinging Strike 0-2: Fly out, F8 (Flyball, 8RM, EV 81.9 MPH)
|
Batting: RHB Victor Garcia
|
0-0: Foul Ball, location: 2F 0-1: Ball 1-1: Foul Ball, location: 2F 1-2: SINGLE (Groundball, 4D, EV 99.4 MPH)
|
Batting: RHB Mustafa bin Gamali
|
0-0: SINGLE (Groundball, 6MD, EV 103.1 MPH) Victor Garcia to second
|
Batting: RHB Arturo Gomez
|
0-0: Called Strike 0-1: Ball 1-1: Ball 2-1: Called Strike 2-2: Ball 3-2: Foul Ball, location: 2F 3-2: Foul Ball, location: 2F 3-2: Base on Balls Victor Garcia to third Mustafa bin Gamali to second
|
Batting: RHB Edwin Sierra
|
0-0: Ball 1-0: Ball 2-0: Called Strike 2-1: Foul Ball, location: 2F 2-2: Strikes out swinging
|
Batting: LHB Chris Viehman
|
0-0: Swinging Strike 0-1: Fielders Choice at 2nd, 6-4 (Groundball, 4M, EV 104.4 MPH)
|
Top of the 4th over - 0 runs, 2 hits, 0 errors, 3 left on base; Pulaski 2 - Great Falls 5 |
BOTTOM OF THE 4TH |
Great Falls Voyagers batting - Pitching for Pulaski Yankees : RHP Eric Patrick
|
Batting: RHB Andy Cotton
|
0-0: Ball 1-0: Ball 2-0: Ball 3-0: Base on Balls
|
Batting: RHB Enrique Gomez
|
0-0: SINGLE (Groundball, 13S, EV 64.4 MPH) (infield hit) Andy Cotton to second
|
Batting: SHB Rob Haney
|
0-0: 3-RUN HOME RUN (Flyball, 8LXD, EV 110.6 MPH), Distance : 437 ft
|
Batting: RHB Billy Grubbs
|
0-0: Ball 1-0: Foul Ball, location: 2F 1-1: DOUBLE (Line Drive, 9LM, EV 109.4 MPH)
|
Batting: RHB Mitch Cuadros
|
0-0: Ball 1-0: Called Strike 1-1: Fly out, F2 (Popup, 23F, EV 88.8 MPH)
|
Batting: RHB Francisco Marin
|
0-0: Ball Wild Pitch! Billy Grubbs to third 1-0: Foul Ball, location: 2F 1-1: Fly out, F5 (Popup, 5S, EV 79.4 MPH)
|
Batting: RHB David Laureano
|
0-0: Ball 1-0: Ball 2-0: Foul Ball, location: 2F 2-1: Called Strike 2-2: Ball 3-2: SINGLE (Groundball, 56D, EV 108.8 MPH) Billy Grubbs scores
|
Batting: LHB Jose Pereyra
|
0-0: DOUBLE (Line Drive, 89XD, EV 106.9 MPH) David Laureano to third
|
Batting: RHB David Cortez
|
0-0: Called Strike 0-1: Foul Ball, location: 2F 0-2: Foul Ball, location: 2F 0-2: Foul Ball, location: 2F 0-2: Ball 1-2: Strikes out looking
|
Bottom of the 4th over - 4 runs, 5 hits, 0 errors, 2 left on base; Pulaski 2 - Great Falls 9 |
TOP OF THE 5TH |
Pulaski Yankees batting - Pitching for Great Falls Voyagers : RHP Alje Velders
|
Batting: LHB Justin Short
|
0-0: Foul Ball, location: 2F 0-1: Called Strike 0-2: Ball 1-2: Foul Ball, location: 2F 1-2: Foul Ball, location: 2F 1-2: Ball 2-2: TRIPLE (Flyball, 8LXD, EV 103.8 MPH)
|
Batting: RHB Michael Patterson
|
0-0: Ground out 4-3 (Groundball, 4, EV 105.0 MPH) Justin Short scores
|
Batting: RHB Yasuoka Tsuda
|
0-0: Ground out 5-3 (Groundball, 56, EV 103.8 MPH)
|
Batting: SHB Dylan Best
|
0-0: Ball 1-0: Called Strike 1-1: Ground out U3 (Groundball, 34S, EV 88.8 MPH)
|
Top of the 5th over - 1 run, 1 hit, 0 errors, 0 left on base; Pulaski 3 - Great Falls 9 |
BOTTOM OF THE 5TH |
Great Falls Voyagers batting - Pitching for Pulaski Yankees : RHP Eric Patrick
|
Pitching: LHP Matt Cusatis
|
|
Batting: RHB Andy Cotton
|
0-0: Ball 1-0: Ball 2-0: Swinging Strike 2-1: Ball 3-1: Foul Ball, location: 2F 3-2: Base on Balls
|
Batting: RHB Enrique Gomez
|
0-0: Ball 1-0: Called Strike 1-1: Ball 2-1: Fly out, F7 (Flyball, 7, EV 86.9 MPH)
|
Batting: SHB Rob Haney
|
0-0: Ball 1-0: Ball 2-0: Fly out, F8 (Flyball, 8LD, EV 108.1 MPH) Runner from 1st tags up, SAFE at 2nd
|
Batting: RHB Billy Grubbs
|
0-0: Called Strike 0-1: Ball Wild Pitch! Andy Cotton to third 1-1: Ball 2-1: Ball 3-1: Fly out, F7 (Flyball, 7D, EV 98.8 MPH)
|
Bottom of the 5th over - 0 runs, 0 hits, 0 errors, 1 left on base; Pulaski 3 - Great Falls 9 |
TOP OF THE 6TH |
Pulaski Yankees batting - Pitching for Great Falls Voyagers : RHP Alje Velders
|
Batting: RHB Victor Garcia
|
0-0: Ball 1-0: Ball 2-0: Called Strike 2-1: Swinging Strike 2-2: Strikes out looking
|
Batting: RHB Mustafa bin Gamali
|
0-0: Called Strike 0-1: Ball 1-1: Swinging Strike 1-2: Strikes out swinging
|
Batting: RHB Arturo Gomez
|
0-0: Foul Ball, location: 2F 0-1: Foul Ball, location: 2F 0-2: Ball 1-2: Strikes out looking
|
Top of the 6th over - 0 runs, 0 hits, 0 errors, 0 left on base; Pulaski 3 - Great Falls 9 |
BOTTOM OF THE 6TH |
Great Falls Voyagers batting - Pitching for Pulaski Yankees : LHP Matt Cusatis
|
Batting: RHB Mitch Cuadros
|
0-0: Foul Ball, location: 2F 0-1: Foul Ball, location: 2F 0-2: Strikes out swinging
|
Batting: RHB Francisco Marin
|
0-0: Ball 1-0: Called Strike 1-1: DOUBLE (Line Drive, 9LM, EV 98.1 MPH)
|
Pitching: RHP Frank Medrano
|
|
Batting: RHB David Laureano
|
0-0: Ball 1-0: Ball 2-0: Ground out 3-1 (Groundball, 34, EV 89.4 MPH) Francisco Marin to third
|
Batting: LHB Jose Pereyra
|
0-0: Ball 1-0: SINGLE (Groundball, 6MD, EV 103.1 MPH) Francisco Marin scores
|
Batting: RHB David Cortez
|
0-0: Fly out, F7 (Flyball, 7S, EV 86.9 MPH)
|
Bottom of the 6th over - 1 run, 2 hits, 0 errors, 1 left on base; Pulaski 3 - Great Falls 10 |
TOP OF THE 7TH |
Pulaski Yankees batting - Pitching for Great Falls Voyagers : RHP Alje Velders
|
Pitching: RHP Xavier Mosley
|
|
Batting: RHB Edwin Sierra
|
0-0: Called Strike 0-1: Ball 1-1: Foul Ball, location: 2F 1-2: Foul Ball, location: 2F 1-2: Ball 2-2: Strikes out swinging
|
Batting: LHB Chris Viehman
|
0-0: Ball 1-0: Ball 2-0: Called Strike 2-1: Ball 3-1: Base on Balls
|
Batting: LHB Justin Short
|
0-0: Ball 1-0: Ball 2-0: Ball 3-0: Called Strike 3-1: Foul Ball, location: 2F 3-2: Base on Balls Chris Viehman to second
|
Batting: RHB Michael Patterson
|
0-0: Ball 1-0: Called Strike 1-1: Ball 2-1: Ball 3-1: Base on Balls Chris Viehman to third Justin Short to second
|
Batting: RHB Yasuoka Tsuda
|
0-0: Called Strike 0-1: Ball 1-1: Ball 2-1: Fielders Choice at 2nd, 4-6 (Groundball, 4D, EV 107.5 MPH) Chris Viehman scores Justin Short to third
|
Batting: SHB Dylan Best
|
0-0: Swinging Strike 0-1: Foul Ball, location: 2F 0-2: Ball 1-2: Ball 2-2: Strikes out looking
|
Top of the 7th over - 1 run, 0 hits, 0 errors, 2 left on base; Pulaski 4 - Great Falls 10 |
BOTTOM OF THE 7TH |
Great Falls Voyagers batting - Pitching for Pulaski Yankees : RHP Frank Medrano
|
Batting: RHB Andy Cotton
|
0-0: Ball 1-0: Foul Ball, location: 2F 1-1: Ball 2-1: Ball 3-1: Foul Ball, location: 2F 3-2: Base on Balls
|
Batting: RHB Enrique Gomez
|
0-0: Called Strike 0-1: Ball 1-1: Ball 2-1: Ball 3-1: Base on Balls Andy Cotton to second
|
Batting: SHB Rob Haney
|
0-0: Ball 1-0: Foul Ball, location: 2F 1-1: Called Strike 1-2: Strikes out swinging
|
Batting: RHB Billy Grubbs
|
0-0: Ball 1-0: Grounds into double play, 6-4-3 (Groundball, 6, EV 86.2 MPH)
|
Bottom of the 7th over - 0 runs, 0 hits, 0 errors, 1 left on base; Pulaski 4 - Great Falls 10 |
TOP OF THE 8TH |
Pulaski Yankees batting - Pitching for Great Falls Voyagers : RHP Xavier Mosley
|
Batting: RHB Victor Garcia
|
0-0: Called Strike 0-1: Ball 1-1: Ball 2-1: Called Strike 2-2: Strikes out swinging
|
Batting: RHB Mustafa bin Gamali
|
0-0: Foul Ball, location: 2F 0-1: Foul Ball, location: 2F 0-2: Ball 1-2: SINGLE (Groundball, 34D, EV 95.6 MPH)
|
Pitching: LHP Phil Peterson
|
|
Batting: RHB Arturo Gomez
|
0-0: Called Strike 0-1: Ball 1-1: Foul Ball, location: 2F 1-2: Ball 2-2: Ball 3-2: Strikes out swinging
|
Batting: RHB Edwin Sierra
|
0-0: Foul Ball, location: 2F 0-1: Foul Ball, location: 2F 0-2: Ball 1-2: Ball 2-2: Ball 3-2: Foul Ball, location: 2F 3-2: Strikes out swinging
|
Top of the 8th over - 0 runs, 1 hit, 0 errors, 1 left on base; Pulaski 4 - Great Falls 10 |
BOTTOM OF THE 8TH |
Great Falls Voyagers batting - Pitching for Pulaski Yankees : RHP Frank Medrano
|
Batting: RHB Mitch Cuadros
|
0-0: Foul Ball, location: 2F 0-1: Ball 1-1: Fly out, F8 (Flyball, 8LD, EV 96.2 MPH)
|
Batting: RHB Francisco Marin
|
0-0: Called Strike 0-1: Ball 1-1: Foul Ball, location: 2F 1-2: Foul Ball, location: 2F 1-2: Strikes out looking
|
Batting: RHB David Laureano
|
0-0: Ball 1-0: Ball 2-0: Ball 3-0: Called Strike 3-1: Base on Balls
|
Batting: LHB Jose Pereyra
|
0-0: Ball 1-0: Ball 2-0: Ball 3-0: Base on Balls David Laureano to second
|
Batting: RHB David Cortez
|
0-0: Foul Ball, location: 2F 0-1: Foul Ball, location: 2F 0-2: Foul Ball, location: 2F 0-2: Strikes out looking
|
Bottom of the 8th over - 0 runs, 0 hits, 0 errors, 2 left on base; Pulaski 4 - Great Falls 10 |
TOP OF THE 9TH |
Pulaski Yankees batting - Pitching for Great Falls Voyagers : LHP Phil Peterson
|
Batting: LHB Chris Viehman
|
0-0: Ball 1-0: Ball 2-0: Ball 3-0: Called Strike 3-1: Fly out, F8 (Flyball, 8RD, EV 100.0 MPH)
|
Batting: LHB Justin Short
|
0-0: Called Strike 0-1: Called Strike 0-2: Ball 1-2: Ground out U3 (Groundball, 34S, EV 69.4 MPH)
|
Batting: RHB Michael Patterson
|
0-0: Ball 1-0: Called Strike 1-1: Fly out, F7 (Flyball, 78D, EV 83.8 MPH)
|
Top of the 9th over - 0 runs, 0 hits, 0 errors, 0 left on base; Pulaski 4 - Great Falls 10 |
|